 Dungeon Crawl Stone Soup version 0.22-a0-247-gbddf880757 (webtiles) character file.

66443 Peterchen the Tortoise (level 14, -4/133 HPs)
             Began as a Minotaur Berserker on Feb 26, 2018.
             Was an Elder of Trog.
             Slain by zxcv's ghost (9 damage)
             ... on level 4 of the Lair of Beasts.
             The game lasted 01:06:59 (19091 turns).

Peterchen the Tortoise (Minotaur Berserker)        Turns: 19091, Time: 01:06:59

Health: -4/133     AC: 29    Str: 33    XL:     14   Next: 79%
Magic:  4/4        EV:  2    Int:  4    God:    Trog [****..]
Gold:   1506       SH:  0    Dex: 22    Spells: 13/13 levels left

rFire    . . .     SeeInvis .   G - +9 war axe "Weacsoost" {antimagic, *Contam MR+ Str+2 Dex+3}
rCold    . . .     Gourm    .   i - +3 large shield
rNeg     + + +     Faith    .   z - +1 plate armour "Damnable Contraption" {-Cast Dex+8}
rPois    ∞         Spirit   .   Y - +2 hat
rElec    .         Reflect  +   d - +2 cloak
rCorr    .         Harm     .   K - +2 pair of gloves
MR       ++++.     NoCast   +   (no boots)
Stlth    ..........             y - amulet "Inleev" {Reflect *Drain +Inv Str+5 SH+3}
HPRegen  1.32/turn              x - +3 ring of slaying
MPRegen  0.09/turn              T - +3 ring of evasion

@: petrified, regenerating
A: retaliatory headbutt, horns 2, deterioration 1
a: Berserk, Trog's Hand, Brothers in Arms, Renounce Religion, Evoke Invisibility


You were on level 4 of the Lair of Beasts.
You worshipped Trog.
Trog was greatly pleased with you.
You were near starving.

You visited 2 branches of the dungeon, and saw 19 of its levels.
You also visited: Labyrinth, Sewer, Ossuary and Ice Cave.

You collected 1544 gold pieces.
You spent 38 gold pieces at shops.

Inventory:

Hand Weapons
 G - the +9 war axe "Weacsoost" (weapon) {antimagic, *Contam MR+ Str+2 Dex+3}
   (You found it on level 9 of the Dungeon)

   It reduces the magical energy of the wielder, and disrupts the spells and
   magical abilities of those hit.
   Natural abilities and divine invocations are not affected.
   It affects your strength (+2).
   It affects your dexterity (+3).
   It affects your resistance to hostile enchantments.
   It causes magical contamination when unequipped.
 O - a +4 battleaxe of holy wrath
Missiles
 p - 28 javelins (quivered)
 t - 7 javelins of returning
Armour
 d - a +2 cloak (worn)
 i - a +3 large shield (worn)
 z - the +1 plate armour "Damnable Contraption" (worn) {-Cast Dex+8}
   (You found it on level 14 of the Dungeon)

   It affects your dexterity (+8).
   It prevents spellcasting.
 K - a +2 pair of gloves (worn)
 Y - a +2 hat (worn)
Jewellery
 x - a +3 ring of slaying (left hand)
 y - the amulet "Inleev" (around neck) {Reflect *Drain +Inv Str+5 SH+3}
   (You found it on level 2 of the Lair of Beasts)

   [amulet of reflection]

   It shields you and reflects attacks.
   It affects your strength (+5).
   It lets you turn invisible.
   It causes draining when unequipped.
   It affects your SH (+3).
 B - an uncursed ring of protection from fire
 I - an uncursed amulet of the gourmand
 P - an uncursed ring of ice
 Q - an uncursed ring of see invisible
 R - the amulet of the Bouncing Suns {rElec rC+ Regen+ Str+2}
   (You found it on level 1 of the Lair of Beasts)

   [amulet of regeneration]

   It affects your strength (+2).
   It protects you from cold.
   It insulates you from electricity.
   It increases your rate of regeneration.
 T - a +3 ring of evasion (right hand)
Wands
 k - a wand of random effects (27)
 s - a wand of disintegration (30)
 A - a wand of paralysis (31)
 M - a wand of iceblast (9)
 U - a wand of acid (21)
 V - a wand of flame (21)
 W - a wand of polymorph (12)
Scrolls
 a - a scroll of fog
 b - 3 scrolls of fear
 e - 2 scrolls of holy word
 h - 10 scrolls of remove curse
 l - 4 scrolls of magic mapping
 m - 3 scrolls of immolation
 o - 5 scrolls of enchant armour
 D - 9 scrolls of teleportation
 S - a scroll of brand weapon
 Z - a scroll of enchant weapon
Potions
 f - 5 potions of flight
 j - 12 potions of curing
 n - 2 potions of heal wounds
 q - 2 potions of invisibility
 r - 3 potions of berserk rage {unknown}
 u - 5 potions of agility
 w - 4 potions of mutation
 C - 2 potions of magic {unknown}
 E - 3 potions of lignification {unknown}
 F - 5 potions of haste
 H - 2 potions of degeneration {unknown}
 J - 3 potions of brilliance {unknown}
 L - a potion of might {unknown}
Miscellaneous
 g - a lightning rod (4/4)
 v - a phial of floods
Comestibles
 c - 30 rations
 X - 5 chunks of flesh


   Skills:
 * Level 14.5 Fighting
 - Level 18.4 Axes
 - Level 18.9 Armour
 - Level 2.1 Dodging


You had 13 spell levels left.
You didn't know any spells.

Dungeon Overview and Level Annotations

Branches:
Dungeon (15/15)            Temple (0/1) D:7            Lair (4/6) D:8
 Shoals (0/4) Lair:3       Spider (0/4) Lair:3          Orc (0/2) D:12
 Vaults (0/5) D:13         Depths (0/5) D:15

Altars:
Dithmenos
Fedhas
Kikubaaqudgha
Makhleb

Shops:
D:9 *

Annotations:
Lair:4 zxcv's ghost, journeyman TrMo


Innate Abilities, Weirdness & Mutations

You reflexively headbutt those who attack you in melee.
You have a pair of horns on your head.
Your body sometimes deteriorates upon taking damage.


Message History

You slash zxcv's ghost!
You are engulfed in calcifying dust.
Zxcv's ghost hits you!!
* * * LOW HITPOINT WARNING * * *
The catoblepas gores you.
* * * LOW HITPOINT WARNING * * *
Your limbs are stiffening.
You slash the catoblepas!
You kill the catoblepas!
Trog accepts your kill.
You slash zxcv's ghost!
You are engulfed in calcifying dust.
Zxcv's ghost hits you!
* * * LOW HITPOINT WARNING * * *
You have turned to stone.
You are engulfed in calcifying dust.
Zxcv's ghost hits you.
You are engulfed in calcifying dust.
You recover from your berserk rage.
Zxcv's ghost hits you!!
* * * LOW HITPOINT WARNING * * *
Zxcv's ghost hits you!!
You die...

..# #...## . ..
#.## ..### .#.###
... .# '...#
##... ...
#...####.....
#...#............
#..†W†=.......
#..@.........
#.........#
##P#.§....#..
###.........
#.#.#......
###........
#........
#........
......P.(


You could see zxcv's ghost.

Vanquished Creatures
  Rupert (D:15)
  Frances (D:13)
  Gastronok (Lair:2)
  A frost giant (IceCv)
  A minotaur (Lab)
  The ghost of Peterchen the Executioner, a journeyman MiBe of Trog (D:11)
  Harold (Lair:2)
  2 hydras
  A catoblepas (Lair:4)
  Erica (D:9)
  3 centaur warriors
  8 two-headed ogres
  A death yak (IceCv)
  An ogre mage (D:15)
  A tengu warrior (D:13)
  Urug (D:13)
  Sonja (D:14)
  A fire crab (Lair:2)
  An unseen horror (D:15)
  6 skeletal warriors
  2 wizards (D:15)
  An orb spider (Lair:3)
  11 ugly things
  5 deep elf magi
  An oklob plant (Lair:2)
  A cyclops (D:12)
  An orc sorcerer (D:15)
  A manticore (Lair:3)
  An ice statue (IceCv)
  A naga mage (D:15)
  A black mamba (Lair:1)
  6 spiny frogs
  2 rime drakes
  A kobold demonologist (D:14)
  A komodo dragon (D:14)
  2 yaktaurs (D:13)
  2 ice devils (D:15)
  A tengu conjurer (D:13)
  2 trolls
  16 polar bears (IceCv)
  2 slime creatures (D:15)
  11 hippogriffs
  A spriggan (D:7)
  A shadow (D:12)
  A wyvern (Lair:3)
  2 wraiths
  2 basilisks (Lair:2)
  The ghost of zxcv the Chopper, an amateur DsFi of Ru (D:5)
  26 yaks
  A hungry ghost (D:12)
  3 vampire mosquitoes (D:15)
  3 soldier ants
  2 acid dragons (D:12)
  Purgy (Sewer)
  3 water moccasins
  9 porcupines
  An orc warrior (D:15)
  A black bear (D:9)
  3 sky beasts
  2 ice beasts
  A necrophage (D:10)
  An eye of draining (D:14)
  3 phantoms
  6 ogres
  A boggart (D:13)
  13 wolves
  10 crocodiles
  14 centaurs
  18 bullfrogs
  6 big kobolds
  A wyvern zombie (D:12)
  8 scorpions
  A troll zombie (Ossuary)
  6 killer bees (D:7)
  7 wights
  7 howler monkeys
  8 crimson imps
  4 centaur zombies
  9 hounds
  A jelly (D:14)
  5 orc wizards
  6 orc priests
  6 centaur skeletons
  4 iguanas
  Jessica (D:2)
  5 bullfrog skeletons
  9 worker ants
  A big kobold zombie (Ossuary)
  3 ogre zombies (Ossuary)
  2 hound zombies
  A hound skeleton (D:5)
  7 mummies (Ossuary)
  3 worker ant zombies
  7 gnolls
  10 adders
  3 shadow imps
  3 oozes
  4 adder zombies (Ossuary)
  2 adder skeletons
  A worm (D:6)
  A dart slug (D:1)
  8 leopard geckos
  38 orcs
  14 bats
  9 giant cockroaches
  A gnoll zombie (Ossuary)
  5 goblins
  9 hobgoblins
  18 jackals
  7 quokkas
  A ball python (D:2)
  6 frilled lizards
  3 goblin zombies (Ossuary)
  8 hobgoblin zombies (Ossuary)
  A jackal skeleton (D:5)
  21 kobolds
  6 kobold zombies (Ossuary)
  A leopard gecko skeleton (D:4)
  A quokka skeleton (D:10)
  3 quokka zombies
  6 rats
  A fungus (Lair:3)
  4 plants
550 creatures vanquished.

Vanquished Creatures (collateral kills)
  A centaur warrior (D:15)
  A two-headed ogre (D:15)
  6 deep elf magi (D:14)
  3 oklob plants (Lair:2)
  3 slime creatures (D:15)
  A shadow (D:15)
  2 centaurs (D:15)
17 creatures vanquished.

Vanquished Creatures (others)
  8 wolves (IceCv)
8 creatures vanquished.

Grand Total: 575 creatures vanquished

Notes
Turn   | Place    | Note
-------+----------+-------------------------------------------
     0 | D:1      | Peterchen the Minotaur Berserker began the quest for the Orb.
     0 | D:1      | Reached XP level 1. HP: 19/19 MP: 0/0
    46 | D:1      | Reached XP level 2. HP: 22/26 MP: 1/1
   359 | D:1      | Reached skill level 5 in Axes
   621 | D:1      | Reached XP level 3. HP: 28/31 MP: 2/2
   972 | D:2      | Reached ** piety under Trog
   987 | D:2      | Reached XP level 4. HP: 39/39 MP: 3/3
  1063 | D:2      | Noticed Jessica
  1065 | D:2      | Killed Jessica
  1429 | D:2      | Reached XP level 5. HP: 41/45 MP: 4/4
  2386 | D:3      | Found a glowing drain.
  2503 | Sewer    | Entered a sewer
  2537 | Sewer    | Noticed Purgy
  2546 | Sewer    | Killed Purgy
  2546 | Sewer    | Reached XP level 6. HP: 51/51 MP: 5/5
  2715 | D:4      | Reached *** piety under Trog
  3088 | D:4      | Reached XP level 7. HP: 37/57 MP: 6/6
  3854 | D:5      | Entered Level 5 of the Dungeon
  3890 | D:5      | Reached skill level 10 in Axes
  4054 | D:5      | Noticed zxcv's ghost (amateur DsFi)
  4235 | D:5      | Killed zxcv's ghost
  4235 | D:5      | Reached XP level 8. HP: 64/64 MP: 7/7
  4291 | D:5      | Found a burning altar of Makhleb.
  4351 | D:5      | Noticed a balrug
  4670 | D:6      | Reached **** piety under Trog
  5386 | D:7      | Found a sand-covered staircase.
  5395 | D:7      | Reached XP level 9. HP: 70/70 MP: 8/8
  5398 | Ossuary  | Entered an ossuary
  6075 | D:7      | Found a shadowy altar of Dithmenos.
  6087 | D:7      | Found a staircase to the Ecumenical Temple.
  6094 | D:7      | Reached skill level 15 in Axes
  6495 | D:7      | Reached ***** piety under Trog
  6865 | D:8      | Found a staircase to the Lair.
  7072 | D:8      | Noticed a two-headed ogre
  7083 | D:8      | Killed a two-headed ogre
  7083 | D:8      | Reached XP level 10. HP: 45/77 MP: 9/9
  7604 | D:9      | Got a faintly glowing war axe
  7605 | D:9      | Identified the +9 war axe "Weacsoost" {antimagic, *Contam MR+ Str+2 Dex+3} (You found it on level 9 of the Dungeon)
  7766 | D:9      | Found Efecag's Assorted Antiques.
  7769 | D:9      | Bought a scroll of identify for 38 gold pieces
  7884 | D:9      | Noticed Erica
  7890 | D:9      | Killed Erica
  7956 | D:9      | Noticed a red ugly thing
  7963 | D:9      | Killed a red ugly thing
  8228 | D:9      | Found an ancient bone altar of Kikubaaqudgha.
  8414 | D:9      | Noticed a two-headed ogre
  8419 | D:9      | Killed a two-headed ogre
  8485 | D:10     | Entered Level 10 of the Dungeon
  9171 | D:11     | Noticed Peterchen's ghost (journeyman MiBe)
  9182 | D:11     | Killed Peterchen's ghost
  9182 | D:11     | Reached skill level 5 in Armour
  9182 | D:11     | Reached XP level 11. HP: 72/82 MP: 3/10
  9474 | D:11     | Noticed a two-headed ogre
  9480 | D:11     | Killed a two-headed ogre
  9999 | D:12     | Noticed a white ugly thing
 10010 | D:12     | Killed a white ugly thing
 10060 | D:12     | Gained mutation: Your body sometimes deteriorates upon taking damage. [mutagenic glow]
 10371 | D:12     | Noticed a two-headed ogre
 10397 | D:12     | Found a staircase to the Orcish Mines.
 10443 | D:12     | Killed a two-headed ogre
 10706 | D:12     | Reached skill level 10 in Armour
 10895 | D:13     | Noticed a tengu warrior
 10908 | D:13     | Killed a tengu warrior
 11006 | D:13     | You fall through a shaft!
 11013 | D:14     | Noticed a deep elf mage
 11013 | D:14     | Noticed a centaur warrior
 11018 | D:14     | Killed a deep elf mage
 11022 | D:14     | Killed a centaur warrior
 11023 | D:14     | Noticed a deep elf mage
 11028 | D:14     | Noticed a deep elf mage
 11030 | D:14     | Killed a deep elf mage
 11031 | D:14     | Noticed a deep elf mage
 11031 | D:14     | Reached ****** piety under Trog
 11034 | D:14     | Noticed a deep elf mage
 11034 | D:14     | Noticed a deep elf mage
 11035 | D:14     | Noticed a deep elf mage
 11040 | D:14     | Killed a deep elf mage
 11040 | D:14     | Killed a deep elf mage
 11040 | D:14     | Reached XP level 12. HP: 30/90 MP: 3/11
 11201 | D:14     | Got a fine plate armour
 11212 | D:14     | Identified the cursed +1 plate armour "Damnable Contraption" {-Cast Dex+8} (You found it on level 14 of the Dungeon)
 11245 | D:14     | Received a gift from Trog
 11350 | D:14     | Noticed an eight-headed hydra
 11358 | D:14     | Killed an 11-headed hydra
 11463 | D:14     | Noticed Sonja
 11757 | D:13     | Noticed a two-headed ogre
 11771 | D:13     | Noticed a centaur warrior
 11781 | D:13     | Killed a centaur warrior
 11817 | D:13     | Found a gate to the Vaults.
 11894 | D:13     | Noticed Urug
 11897 | D:13     | Reached skill level 15 in Armour
 11905 | D:13     | Noticed a two-headed ogre
 11907 | D:13     | Killed Urug
 11913 | D:13     | Killed a two-headed ogre
 11921 | D:13     | Noticed Frances
 11934 | D:13     | Killed Frances
 12561 | D:14     | Killed Sonja
 12622 | D:15     | Entered Level 15 of the Dungeon
 12650 | D:15     | Reached XP level 13. HP: 56/95 MP: 4/12
 12954 | D:15     | Noticed Rupert
 12965 | D:15     | Killed Rupert
 13066 | D:15     | Found a frozen archway.
 13144 | IceCv    | Entered an ice cave
 13681 | IceCv    | Noticed a frost giant
 13703 | IceCv    | Killed a frost giant
 14040 | D:15     | Received a gift from Trog
 14049 | D:15     | Reached skill level 5 in Fighting
 14214 | D:15     | Received a gift from Trog
 14449 | D:15     | Reached XP level 14. HP: 116/116 MP: 4/13
 14609 | D:15     | Reached skill level 10 in Fighting
 14971 | D:15     | Found a staircase to the Depths.
 15760 | Lair:1   | Entered Level 1 of the Lair of Beasts
 15803 | Lair:1   | Found a labyrinth entrance.
 15813 | Lab      | Entered a labyrinth
 16636 | Lair:1   | Got a fine zirconium amulet
 16650 | Lair:1   | Identified the amulet of the Bouncing Suns {rElec rC+ Regen+ Str+2} (You found it on level 1 of the Lair of Beasts)
 17271 | Lair:2   | Noticed Gastronok
 17280 | Lair:2   | Killed Gastronok
 17332 | Lair:2   | Noticed Harold
 17356 | Lair:2   | Killed Harold
 17379 | Lair:2   | Got a warped plate armour
 17576 | Lair:2   | HP: 1/127 [acid (8)]
 17589 | Lair:2   | HP: 3/127 [porcupine's spines (11)]
 17590 | Lair:2   | HP: 1/127 [porcupine's spines (3)]
 17762 | Lair:1   | Identified the +4 plate armour of the Journeyman {MR+ Stlth+} (You found it on level 2 of the Lair of Beasts)
 17815 | Lair:2   | Got a transparent graven amulet
 17820 | Lair:2   | Identified the amulet "Inleev" {Reflect *Drain +Inv Str+5 SH+3} (You found it on level 2 of the Lair of Beasts)
 18253 | Lair:3   | Found a blossoming altar of Fedhas.
 18714 | Lair:3   | Found a hole to the Spider Nest.
 18867 | Lair:3   | Found a staircase to the Shoals.
 19046 | Lair:4   | Noticed zxcv's ghost (journeyman TrMo)
 19090 | Lair:4   | HP: 4/133 [zxcv's ghost (9)]
 19091 | Lair:4   | Slain by zxcv's ghost

Vault maps used:
D:1:      dpeg_arrival_orchard
D:2:      uniq_jessica
D:3:      minmay_door_path, portal_sewer_entry_f
D:5:      makhleb_altar_promises_db, first_ration
D:7:      minmay_temple_entry_large_hall, nicolae_ossuary_entry_monument,
          the_bakery, nicolae_dithmenos_the_darkroom
D:8:      lair_entry_dummy
D:9:      lemuel_crystal_altar, serial_shops, kennysheep_mini_moat,
          minmay_misc_feat_cross, minmay_strange_pillars, uniq_erica
D:12:     david_orc_2
D:13:     hangedman_vaults_entry_quadrant_bands, uniq_frances, uniq_urug
D:14:     minivault_14, elves_outpost_lemuel, uniq_sonja
D:15:     grunt_enter_depths_magical_seal, portal_ice_cave_demonic_guard,
          minmay_misc_feat_room, uniq_rupert
Lair:1:   lab_entry_generic, grunt_megastairs_4
Lair:2:   grunt_megastairs_3, minmay_lair_oklob_chamber, uniq_harold,
          uniq_gastronok
Lair:3:   minmay_shoals_entry_beasts, nicolae_spider_entry_orb_guardian,
          basic_altar, cheibrodos_lair_caveside_slide
Lair:4:   kennysheep_catoblepas_arena, grunt_megastairs_2, lemuel_fruit_tree,
          serial_bayou_shore_b
Lab:      labyrinth_spiral, labyrinth_fake_exit
Sewer:    sewer_big_baddie
Ossuary:  ossuary_boxes_badplayer
IceCv:    ice_cave_caverns_03

Skill      XL: |  1  2  3  4  5  6  7  8  9 10 11 12 13 14 |
---------------+-------------------------------------------+-----
Axes           | 4 5 7 8 9 11 13 16 18 | 18.4
Armour         | 5 12 16 18 | 18.9
Fighting       | 8 14 | 14.5
Dodging        | |  2.1

Action                   |  1- 3 |  4- 6 |  7- 9 | 10-12 | 13-15 || total
-------------------------+-------+-------+-------+-------+-------++-------
Melee: Hand axe          |    69 |   172 |   129 |       |       ||   370
       Headbutt          |     6 |    30 |    66 |   101 |   167 ||   370
       War axe           |       |       |   238 |   349 |   433 ||  1020
Throw: Javelin           |       |     8 |       |       |     5 ||    13
Invok: Berserk           |     1 |     2 |     7 |    13 |    11 ||    34
       Trog's Hand       |       |       |     1 |     3 |     6 ||    10
       Brothers in Arms  |       |       |       |     3 |     2 ||     5
Evoke: Wand              |       |       |       |       |     1 ||     1
  Use: Scroll            |       |     3 |     4 |     8 |    16 ||    31
       Potion            |       |       |       |     2 |     5 ||     7
 Stab: Sleeping          |       |     2 |       |       |       ||     2
       Petrified         |       |       |       |       |     2 ||     2
       Paralysed         |       |       |       |       |     2 ||     2
       Distracted        |       |       |       |       |     1 ||     1
  Eat: Chunk             |     1 |     8 |    39 |    36 |    27 ||   111
Armor: Animal skin       |    21 |    48 |       |       |       ||    69
       Ring mail         |       |     8 |    88 |     6 |       ||   102
       Chain mail        |       |       |       |    57 |       ||    57
       Scale mail        |       |       |       |     5 |       ||     5
       Plate armour      |       |       |       |    92 |   245 ||   337
Dodge: Dodged            |    52 |   116 |    77 |    36 |    71 ||   352
Block: Large shield      |       |       |   133 |   183 |   247 ||   563

Table legend:
 A = Spawn XP
 B = Non-spawn XP
 C = Spawn XP percentage of total XP
 D = Spawn monster count
 E = Non-spawn monster count
 F = Spawn count percentage of total count
 G = Total turns spent on level
                    A         B        C        D         E        F      G
               +---------+---------+-------+---------+---------+-------+---------
         Total |       0 |   94919 |   0.0 |       0 |     562 |   0.0 | 19091
               +---------+---------+-------+---------+---------+-------+---------
           D:1 |       0 |      52 |   0.0 |       0 |      23 |   0.0 |   909
           D:2 |       0 |     208 |   0.0 |       0 |      33 |   0.0 |   881
           D:3 |       0 |     101 |   0.0 |       0 |      20 |   0.0 |   799
           D:4 |       0 |     292 |   0.0 |       0 |      22 |   0.0 |  1172
           D:5 |       0 |     906 |   0.0 |       0 |      25 |   0.0 |   812
           D:6 |       0 |    1000 |   0.0 |       0 |      28 |   0.0 |   800
           D:7 |       0 |    1196 |   0.0 |       0 |      23 |   0.0 |  1227
           D:8 |       0 |    1683 |   0.0 |       0 |      27 |   0.0 |   865
           D:9 |       0 |    3963 |   0.0 |       0 |      27 |   0.0 |   976
          D:10 |       0 |     414 |   0.0 |       0 |      13 |   0.0 |   693
          D:11 |       0 |    2870 |   0.0 |       0 |       7 |   0.0 |   853
          D:12 |       0 |    3749 |   0.0 |       0 |      24 |   0.0 |   883
          D:13 |       0 |    9399 |   0.0 |       0 |      27 |   0.0 |   997
          D:14 |       0 |    8669 |   0.0 |       0 |      44 |   0.0 |  1072
          D:15 |       0 |   26401 |   0.0 |       0 |      58 |   0.0 |  1686
        Lair:1 |       0 |    3273 |   0.0 |       0 |      15 |   0.0 |   905
        Lair:2 |       0 |    8698 |   0.0 |       0 |      27 |   0.0 |   764
        Lair:3 |       0 |    7078 |   0.0 |       0 |      28 |   0.0 |   791
        Lair:4 |       0 |    1892 |   0.0 |       0 |       6 |   0.0 |    94
           Lab |       0 |    1254 |   0.0 |       0 |       1 |   0.0 |   777
         Sewer |       0 |     152 |   0.0 |       0 |       6 |   0.0 |   120
       Ossuary |       0 |     381 |   0.0 |       0 |      37 |   0.0 |   331
         IceCv |       0 |   11288 |   0.0 |       0 |      41 |   0.0 |   684
               +---------+---------+-------+---------+---------+-------+---------
